 Dungeon Crawl Stone Soup version 0.24.0-13-gcf9b319 (webtiles) character file.

Game seed: 17270083284167904617, levelgen mode: deterministic

147728 rednit the Bludgeoner (level 17, -3/116 HPs)
             Began as a Gargoyle Fighter on Nov 19, 2019.
             Was the Champion of the Shining One.
             Slain by a naga warrior
             ... wielding the cursed +1 glaive of the Living Dead {freeze, rN++ SInv}
              (4 damage)
             ... on level 2 of the Snake Pit on Nov 20, 2019.
             The game lasted 02:29:24 (23829 turns).

rednit the Bludgeoner (Gargoyle Fighter)           Turns: 23829, Time: 02:29:24

Health: -3/116     AC: 39    Str: 25    XL:     17   Next: 47%
Magic:  17/17      EV: 14    Int: 18    God:    the Shining One [******]
Gold:   1052       SH:  0    Dex:  9    Spells: 16/16 levels left

rFire    + . .     SeeInvis .   I - +9 dire flail (holy)
rCold    . . .     Gourm    .   (shield currently unavailable)
rNeg     + + +     Faith    .   O - +4 pearl dragon scales of Okawaru's Scorn {rF+ rN+ Int+5}
rPois    ∞         Spirit   .   N - +1 hat
rElec    +         Reflect  .   h - +1 cloak
rCorr    .         Harm     .   L - +0 pair of gloves
MR       +....                  (no boots)
Stlth    ..........             i - amulet of regeneration
HPRegen  0.69/turn              e - ring "Myagoase" {*Contam +Fly Int+2 Slay+2}
MPRegen  0.15/turn              z - +4 ring of slaying

@: about to teleport, flying, glowing, constricted
A: big wings, hooves 2, repulsion field 1, negative energy resistance 1,
electricity resistance, unbreathing, petrification resistance, rot immunity,
MP-powered wands, AC +12
a: Stop Flying, Divine Shield, Cleansing Flame, Summon Divine Warrior, Renounce
Religion


You were on level 2 of the Snake Pit.
You worshipped the Shining One.
The Shining One was exalted by your worship.
You were not hungry.

You visited 4 branches of the dungeon, and saw 25 of its levels.

You collected 3089 gold pieces.
You spent 2037 gold pieces at shops.

Inventory:

Hand Weapons
 I - a +9 dire flail of holy wrath (weapon)
Armour
 h - a +1 cloak (worn)
 w - a scarf of resistance
 L - a +0 pair of gloves (worn)
 N - a +1 hat (worn)
 O - the +4 pearl dragon scales of Okawaru's Scorn (worn) {rF+ rN+ Int+5}
   (You bought it in a shop on level 2 of the Orcish Mines)

   It affects your intelligence (+5).
   It protects you from fire.
   It protects you from negative energy.
Jewellery
 e - the ring "Myagoase" (left hand) {*Contam +Fly Int+2 Slay+2}
   (You took it off an orc knight on level 2 of the Orcish Mines)

   [ring of flight]

   It affects your intelligence (+2).
   It affects your accuracy and damage with ranged weapons and melee attacks
   (+2).
   It lets you fly.
   It causes magical contamination when unequipped.
 i - an amulet of regeneration (around neck)
 n - an uncursed ring of protection from fire
 t - a cursed ring of attention {unknown}
 z - a +4 ring of slaying (right hand)
 J - an uncursed ring of protection from fire
 Q - an uncursed ring of protection from cold
Wands
 l - a wand of flame (15)
 D - a wand of disintegration (23)
 G - a wand of iceblast (9)
 H - a wand of polymorph (11)
Scrolls
 j - 2 scrolls of enchant weapon
 k - 8 scrolls of fog
 o - 12 scrolls of remove curse
 p - a scroll of amnesia
 q - 3 scrolls of fear
 r - 2 scrolls of identify
 s - 9 scrolls of teleportation
 u - 6 scrolls of immolation
 y - 6 scrolls of magic mapping
 A - 2 scrolls of brand weapon
 B - 2 scrolls of enchant armour
Potions
 a - a potion of haste
 c - a potion of invisibility
 d - 6 potions of curing
 m - a potion of ambrosia
 v - a potion of brilliance
 x - a potion of mutation
 C - 2 potions of agility
 K - a potion of cancellation
 P - a potion of resistance
Miscellaneous
 b - a lightning rod (4/4)
 M - a box of beasts
Comestibles
 f - 25 rations


   Skills:
 * Level 16.7 Fighting
 * Level 18.0 Maces & Flails
 * Level 15.5 Armour
 + Level 10.9 Dodging
   Level 3.2 Shields


You had 16 spell levels left.
You didn't know any spells.
Your spell library contained the following spells:

 Spells                   Type           Power        Failure   Level  Hunger
 Animate Skeleton         Necr           N/A          41%         1    ##.....
 Apportation              Tloc           #.....       41%         1    ##.....
 Confusing Touch          Hex            #.....       41%         1    ##.....
 Corona                   Hex            #......      41%         1    ##.....
 Magic Dart               Conj           #...         41%         1    ##.....
 Pain                     Necr           #...         41%         1    ##.....
 Summon Small Mammal      Summ           #...         41%         1    ##.....
 Ensorcelled Hibernation  Hex/Ice        #.....       56%         2    ###....
 Searing Ray              Conj           #.....       56%         2    ###....
 Confuse                  Hex            #.......     80%         3    ####...
 Dazzling Spray           Conj/Hex       #.....       80%         3    ####...
 Regeneration             Chrm/Necr      #.........   80%         3    ####...
 Tukima's Dance           Hex            #.......     80%         3    ####...
 Vampiric Draining        Necr           #.........   80%         3    ####...
 Animate Dead             Necr           N/A          99%         4    #####..
 Force Lance              Conj/Tloc      #.......     99%         4    #####..
 Fulminant Prism          Conj/Hex       #.........   99%         4    #####..
 Iskenderun's Mystic Bla  Conj           #.......     99%         4    #####..
 Bolt of Magma            Conj/Fire/Erth #.........   100%        5    ######.
 Iskenderun's Battlesphe  Conj/Chrm      #.......     100%        5    ######.
 Venom Bolt               Conj/Pois      #.........   100%        5    ######.
 Iron Shot                Conj/Erth      #.........   100%        6    #######
 Orb of Destruction       Conj           #.........   100%        7    #######
 Spellforged Servitor     Conj/Summ      #.........   100%        7    #######


Dungeon Overview and Level Annotations

Branches:
Dungeon (15/15)            Temple (0/1) D:4            Lair (6/6) D:8
  Swamp (0/4) Lair:4        Snake (2/4) Lair:2          Orc (2/2) D:10
    Elf (0/3) Orc:2        Vaults (0/5) D:13         Depths (0/5) D:15
  Slime: Lair:5-6

Altars:
Cheibriados
Dithmenos
Elyvilon
Fedhas
Gozag
Makhleb
Nemelex Xobeh
Okawaru
Qazlal
Ru
Sif Muna
Trog
Vehumet
Wu Jian
Xom
Zin
The Shining One
Beogh

Shops:
D:5 =   D:6 ?   Orc:2 [???

Annotations:
Lair:6 exclusion: 2 oklob plants
Snake:2 1 transporter


Innate Abilities, Weirdness & Mutations

You are resistant to torment.
Your stone body is resilient. (AC +12)
You are immune to poison.
Your large and strong wings let you fly indefinitely.
You resist negative energy. (rN+)
You are resistant to electric shocks. (rElec)
You can survive without breathing.
You are immune to petrification.
You are immune to rotting.
You have hoof-like feet.
You are surrounded by a mild repulsion field. (EV +2)
You expend magic power (3 MP) to strengthen your wands.


Message History

The salamander misses you.
As you read the scroll of teleportation, it crumbles to dust.
You feel strangely unstable.
The naga warrior hits you with the cursed +1 glaive of the Living Dead {freeze, rN++ SInv}!!
* * * LOW HITPOINT WARNING * * *
The naga warrior freezes you.
* * * LOW HITPOINT WARNING * * *
The naga warrior constricts you.
The naga warrior hits you with the +12 quarterstaff "Erassos" {holy, Str+6 Int-3 Dex+4}!
* * * LOW HITPOINT WARNING * * *
The naga hits you but does no damage.
You feel better. The naga warrior barely misses you.
The naga warrior constricts you.
The naga warrior hits you with the +12 quarterstaff "Erassos" {holy, Str+6 Int-3 Dex+4}!
* * * LOW HITPOINT WARNING * * *
The naga warrior hits you with the +12 quarterstaff "Erassos" {holy, Str+6 Int-3 Dex+4}!
* * * LOW HITPOINT WARNING * * *
The naga hits you but does no damage.
The naga warrior hits you but does no damage.
You die...

.##.## ##..###.# #########
....### ##.##..###.......###
#.....## #..#.##...#####...##
#.###(.# ##...#..###...###..#
#.##...####...#.##....#.###.##
..##...(##..#...#....###..#..#
.##..#...#)##..##y...#≈#..##.##
.#..###....##..#NN...).....#..##
.#.######)....©#@N#.._.....#©..#
.<.....###)....#.## N..##..#...#
##.###..#..)##.##N# #.# #.##.#.#
#..# ##......#..##N##.#####..#.#
#.## ###..#.....##NNN...###.##.#
#.####...###.)...###.©N###..#..#
.......####........#####...##.##
#^.##.......##..##.......###..#
............##.....#########.##


You could see 3 naga warriors, a salamander, a moth of wrath and 3 nagas.

Vanquished Creatures
  Jorgrun (Orc:1)
  The ghost of flyingllamaman the Cleaver, an adept FoFi of Okawaru (Snake:2)
  3 orc warlords
  Aizul (Snake:2)
  Nessos (Lair:5)
  A fire dragon (Lair:6)
  Erolcha (D:9)
  4 vault guards (D:13)
  A rakshasa (D:11)
  A naga warrior (Snake:2)
  11 hydras
  5 centaur warriors
  7 anacondas
  An ogre mage (D:15)
  7 two-headed ogres
  13 death yaks
  A vampire mage (D:15)
  A tengu warrior (D:13)
  5 shock serpents
  2 orc high priests
  5 naga sharpshooters
  Sonja (Lair:1)
  A skeletal warrior (D:15)
  A fire crab (Lair:6)
  2 unseen horrors (D:13)
  A naga ritualist (Snake:2)
  A wizard (D:14)
  12 orc knights
  2 necromancers (D:15)
  3 orc sorcerers
  8 salamanders
  11 ugly things
  10 cyclopes
  5 manticores
  5 mana vipers
  2 deep elf magi
  A fire giant skeleton (D:15)
  5 centaur zombies
  2 guardian serpents
  A stone giant skeleton (D:15)
  A black mamba (shapeshifter) (D:13)
  19 black mambas
  5 naga magi
  10 spiny frogs
  2 centaur skeletons
  3 molten gargoyles (Lair:6)
  3 gargoyles (D:14)
  11 elephants
  4 rime drakes
  An efreet (D:14)
  13 komodo dragons
  A guardian mummy (D:14)
  11 trolls
  3 polar bears (D:9)
  4 hornets
  2 bog bodies (Lair:4)
  5 slime creatures (D:15)
  7 blink frogs
  A deep troll zombie (D:15)
  An ice dragon zombie (D:15)
  9 hippogriffs
  2 shadows
  47 yaks
  A vampire (D:13)
  3 wyverns
  3 wraiths
  A wyvern (shapeshifter) (D:14)
  2 hungry ghosts
  8 basilisks
  A steam dragon (Lair:6)
  9 wargs
  A vampire mosquito (D:14)
  Menkaure (D:7)
  A harpy simulacrum (D:15)
  20 nagas
  An acid dragon (D:14)
  3 soldier ants
  4 hell hounds (Lair:6)
  10 water moccasins
  6 porcupines
  5 eyes of draining
  2 phantoms
  A black bear (D:9)
  64 orc warriors
  4 sky beasts
  3 ice beasts
  A hornet zombie (D:6)
  A necrophage (D:11)
  4 boggarts (D:15)
  15 ogres
  15 wolves
  29 centaurs
  11 crocodiles
  A big kobold (D:9)
  Blork the orc (D:5)
  23 bullfrogs
  2 wyvern skeletons
  2 scorpions
  48 killer bees (Lair:2)
  7 wights
  A howler monkey (D:5)
  10 crimson imps
  5 lava snakes (Lair:6)
  A bullfrog zombie (D:13)
  8 hounds
  15 orc priests
  5 jellies
  6 iguanas
  Jessica (D:3)
  2 bullfrog skeletons
  Natasha (thrice) (D:3)
  24 orc wizards
  10 worker ants
  5 hound skeletons
  A howler monkey zombie (D:11)
  2 worker ant zombies
  6 gnolls
  18 adders
  A howler monkey skeleton (D:6)
  3 shadow imps
  3 oozes
  3 adder skeletons
  A worm (D:2)
  A dart slug (D:2)
  3 leopard geckos
  112 orcs
  2 ball pythons
  4 bats
  6 giant cockroaches
  4 goblins
  6 hobgoblins
  11 jackals
  12 kobolds
  4 frilled lizards
  A jackal zombie (D:8)
  A leopard gecko zombie (D:8)
  5 rats
932 creatures vanquished.

Vanquished Creatures (collateral kills)
  2 polar bears (D:9)
  2 yaks (D:9)
  3 black bears (D:9)
7 creatures vanquished.

Vanquished Creatures (others)
  A porcupine (Lair:6)
  An orc priest (Orc:1)
  2 orcs (Orc:1)
  2 fungi
6 creatures vanquished.

Grand Total: 945 creatures vanquished

Notes
Turn   | Place    | Note
-------+----------+-------------------------------------------
     0 | D:1      | rednit the Gargoyle Fighter began the quest for the Orb.
     0 | D:1      | Reached XP level 1. HP: 14/14 MP: 1/1
    43 | D:1      | Reached XP level 2. HP: 17/19 MP: 2/2
   700 | D:2      | Reached XP level 3. HP: 5/23 MP: 3/3
  1313 | D:2      | Reached skill level 1 in Dodging
  1319 | D:2      | Found an iron altar of Okawaru.
  1369 | D:2      | Reached skill level 3 in Maces & Flails
  1369 | D:2      | Reached XP level 4. HP: 26/29 MP: 4/4
  2119 | D:3      | Noticed Natasha
  2125 | D:3      | Killed Natasha
  2137 | D:3      | Reached XP level 5. HP: 33/33 MP: 5/5
  2152 | D:3      | Noticed Jessica
  2159 | D:3      | Killed Jessica
  2349 | D:3      | Found a glowing golden altar of the Shining One.
  2497 | D:3      | Noticed Natasha
  2554 | D:3      | Became a worshipper of the Shining One
  2593 | D:3      | Killed Natasha
  2593 | D:3      | Reached skill level 4 in Maces & Flails
  2675 | D:3      | Noticed Natasha
  2752 | D:3      | Found a faded altar of an unknown god.
  2875 | D:4      | Reached XP level 6. HP: 38/38 MP: 6/6
  3206 | D:4      | Reached XP level 7. HP: 37/44 MP: 7/7
  3227 | D:4      | Reached * piety under the Shining One
  3254 | D:4      | Found a snail-covered altar of Cheibriados.
  3344 | D:4      | Reached skill level 5 in Maces & Flails
  3469 | D:4      | Found a staircase to the Ecumenical Temple.
  3504 | D:5      | Entered Level 5 of the Dungeon
  3525 | D:5      | Reached skill level 5 in Fighting
  3526 | D:5      | Reached skill level 5 in Armour
  3614 | D:5      | Noticed Blork the orc
  3622 | D:5      | Killed Blork the orc
  3667 | D:5      | Found a sacrificial altar of Ru.
  3891 | D:5      | Found Ebrextyph's Jewellery Shoppe.
  3901 | D:5      | Gained mutation: You have large cloven feet. [potion of
                  | mutation]
  3901 | D:5      | Gained mutation: You possess an exceptional clarity of
                  | mind. [potion of mutation]
  3995 | D:5      | Found a glowing silver altar of Zin.
  4071 | D:5      | Reached XP level 8. HP: 41/49 MP: 8/8
  4083 | D:5      | Reached skill level 6 in Maces & Flails
  4328 | D:6      | Reached ** piety under the Shining One
  4896 | D:6      | Found Fajij's Magic Scroll Boutique.
  4904 | D:6      | Bought a scroll of blinking for 82 gold pieces
  4904 | D:6      | Bought a scroll of fear for 38 gold pieces
  5003 | D:7      | Noticed Menkaure
  5010 | D:7      | Killed Menkaure
  5010 | D:7      | Reached skill level 7 in Maces & Flails
  5036 | D:7      | Found a shadowy altar of Dithmenos.
  5122 | D:7      | Reached XP level 9. HP: 27/56 MP: 9/9
  5192 | D:7      | Found a bloodstained altar of Trog.
  5268 | D:7      | Found a burning altar of Makhleb.
  5367 | D:7      | Reached skill level 8 in Maces & Flails
  5695 | D:8      | Noticed a white ugly thing
  5709 | D:8      | Killed a white ugly thing
  5709 | D:8      | Reached skill level 9 in Maces & Flails
  5817 | D:8      | Found a blossoming altar of Fedhas.
  5853 | D:8      | Found a shimmering altar of Xom.
  5855 | D:8      | Noticed a death yak
  5869 | D:8      | Noticed a death yak
  5870 | D:8      | Noticed a death yak
  6156 | D:8      | Found a staircase to the Lair.
  6171 | D:8      | Killed a death yak
  6171 | D:8      | Reached skill level 10 in Maces & Flails
  6171 | D:8      | Reached XP level 10. HP: 65/65 MP: 6/10
  6391 | D:8      | Found a stormy altar of Qazlal.
  6489 | D:8      | Found a white marble altar of Elyvilon.
  6517 | D:8      | Found a burning altar of Makhleb.
  6812 | D:9      | Reached skill level 11 in Maces & Flails
  6900 | D:9      | Reached *** piety under the Shining One
  6940 | D:9      | Found a huge runed translucent gate.
  6957 | D:9      | Found a huge runed translucent gate.
  6957 | D:9      | Found a huge runed translucent gate.
  6979 | D:9      | Found a huge runed translucent gate.
  6980 | D:9      | Noticed a manticore
  7227 | D:9      | Found an opulent altar of Gozag.
  7228 | D:9      | Found a sparkling altar of Nemelex Xobeh.
  7428 | D:9      | Noticed Erolcha
  7447 | D:9      | Killed Erolcha
  7447 | D:9      | Reached skill level 10 in Fighting
  7447 | D:9      | Reached skill level 12 in Maces & Flails
  7592 | D:10     | Entered Level 10 of the Dungeon
  7870 | D:10     | Noticed a cyclops
  7891 | D:10     | Killed a cyclops
  7891 | D:10     | Reached XP level 11. HP: 30/72 MP: 11/11
  8175 | D:10     | Found a staircase to the Orcish Mines.
  8290 | D:11     | Reached **** piety under the Shining One
  8309 | D:11     | Noticed a cyan ugly thing
  8319 | D:11     | Killed a cyan ugly thing
  8405 | D:11     | Noticed a cyclops
  8406 | D:11     | Noticed a cyclops
  8426 | D:11     | Killed a cyclops
  8426 | D:11     | Reached skill level 13 in Maces & Flails
  8438 | D:11     | Killed a cyclops
  8718 | D:11     | Noticed a cyclops
  8725 | D:11     | Noticed a rakshasa
  8735 | D:11     | Killed a cyclops
  8748 | D:11     | Killed a rakshasa
  8830 | D:12     | Noticed a cyan ugly thing
  8840 | D:12     | Killed a cyan ugly thing
  8864 | D:12     | Noticed a two-headed ogre
  8873 | D:12     | Killed a two-headed ogre
  8873 | D:12     | Reached skill level 14 in Maces & Flails
  8889 | D:12     | Noticed a manticore
  8947 | D:12     | Killed a manticore
  8954 | D:12     | Reached XP level 12. HP: 68/81 MP: 12/12
  9077 | D:12     | Noticed an eight-headed hydra
  9077 | D:12     | Reached ***** piety under the Shining One
  9083 | D:12     | Killed an eight-headed hydra
  9247 | D:12     | Found a shimmering blue altar of Sif Muna.
  9558 | D:13     | Noticed a centaur warrior
  9581 | D:13     | Killed a centaur warrior
  9751 | D:13     | Found a snail-covered altar of Cheibriados.
  9871 | D:13     | Found a gate to the Vaults.
  9871 | D:13     | Noticed a vault guard
  9871 | D:13     | Noticed a vault guard
  9871 | D:13     | Noticed a vault guard
  9887 | D:13     | Killed a vault guard
  9896 | D:13     | Killed a vault guard
  9901 | D:13     | Noticed a tengu warrior
  9984 | D:13     | Killed a vault guard
  9994 | D:13     | Killed a tengu warrior
 10122 | D:13     | Noticed a vault guard
 10134 | D:13     | Killed a vault guard
 10134 | D:13     | Reached skill level 5 in Dodging
 10134 | D:13     | Reached XP level 13. HP: 61/90 MP: 13/13
 10460 | D:13     | Lost mutation: You have large cloven feet. [potion of
                  | mutation]
 10460 | D:13     | Lost mutation: You possess an exceptional clarity of mind.
                  | [potion of mutation]
 10460 | D:13     | Gained mutation: You are occasionally teleported next to
                  | monsters. [potion of mutation]
 10460 | D:13     | Gained mutation: You are resistant to hostile enchantments.
                  | (MR+) [potion of mutation]
 10460 | D:13     | Gained mutation: You have an increased reservoir of magic.
                  | (+10% MP) [potion of mutation]
 10461 | D:13     | Lost mutation: You are occasionally teleported next to
                  | monsters. [potion of mutation]
 10461 | D:13     | Lost mutation: You are resistant to hostile enchantments.
                  | (MR+) [potion of mutation]
 10461 | D:13     | Gained mutation: You are somewhat resistant to further
                  | mutation. [potion of mutation]
 10462 | D:13     | Lost mutation: You are somewhat resistant to further
                  | mutation. [potion of mutation]
 10462 | D:13     | Lost mutation: You have an increased reservoir of magic.
                  | (+10% MP) [potion of mutation]
 10462 | D:13     | Gained mutation: You have large cloven feet. [potion of
                  | mutation]
 10462 | D:13     | Gained mutation: You are surrounded by a mild repulsion
                  | field. (EV +2) [potion of mutation]
 10462 | D:13     | Gained mutation: You expend magic power (3 MP) to
                  | strengthen your wands. [potion of mutation]
 10462 | D:13     | Gained mutation: You have hoof-like feet. [potion of
                  | mutation]
 10591 | D:14     | Found an ornate altar of the Wu Jian Council.
 11374 | D:15     | Entered Level 15 of the Dungeon
 11546 | D:14     | Reached skill level 10 in Armour
 11767 | D:14     | Gained mutation: Your large and strong wings let you fly
                  | indefinitely. [Gargoyle growth]
 11767 | D:14     | Reached XP level 14. HP: 57/96 MP: 14/14
 11768 | D:14     | Reached ****** piety under the Shining One
 11827 | D:15     | Reached skill level 15 in Maces & Flails
 11883 | D:15     | Found a staircase to the Depths.
 12911 | D:15     | Identified a +7 dire flail of holy wrath (a +5 dire flail
                  | blessed by the Shining One)
 12911 | D:15     | Received a gift from the Shining One
 13274 | D:3      | Killed Natasha
 13630 | Lair:1   | Entered Level 1 of the Lair of Beasts
 13725 | Lair:1   | Noticed Sonja
 13757 | Lair:1   | Killed Sonja
 14392 | Lair:2   | Found a staircase to the Snake Pit.
 14591 | Lair:2   | Reached XP level 15. HP: 100/100 MP: 15/15
 15247 | Lair:3   | Reached skill level 16 in Maces & Flails
 16569 | Lair:4   | Found a staircase to the Swamp.
 16941 | Lair:5   | Noticed Nessos
 16958 | Lair:5   | Killed Nessos
 17441 | Lair:6   | Entered Level 6 of the Lair of Beasts
 17671 | Lair:6   | Reached skill level 15 in Fighting
 17682 | Lair:6   | Found a large runed translucent door.
 17682 | Lair:6   | Found a large runed translucent door.
 17748 | Lair:6   | Reached skill level 10 in Dodging
 17956 | Lair:6   | Reached XP level 16. HP: 108/108 MP: 16/16
 18699 | Orc:1    | Entered Level 1 of the Orcish Mines
 18713 | Orc:1    | Reached skill level 17 in Maces & Flails
 18747 | Orc:1    | Paralysed by an orc sorcerer for 4 turns
 18859 | Orc:1    | Found a frozen archway.
 18995 | Orc:1    | Found a radiant altar of Vehumet.
 19044 | Orc:1    | Noticed Jorgrun
 19193 | Orc:1    | Killed Jorgrun
 19325 | Orc:1    | Found a roughly hewn altar of Beogh.
 19477 | Orc:2    | Entered Level 2 of the Orcish Mines
 20851 | Orc:2    | Found a roughly hewn altar of Beogh.
 21107 | Orc:2    | Found a staircase to the Elven Halls.
 21303 | Orc:2    | Found Nebith's Magic Scroll Boutique.
 21303 | Orc:2    | Found Yzionnipirph's Magic Scroll Shoppe.
 21303 | Orc:2    | Found Cangew's Armour Emporium.
 21306 | Orc:2    | Found Telargh's Magic Scroll Shop.
 21310 | Orc:2    | Bought 2 scrolls of identify for 44 gold pieces
 21310 | Orc:2    | Bought a scroll of identify for 22 gold pieces
 21310 | Orc:2    | Bought a scroll of identify for 22 gold pieces
 21310 | Orc:2    | Bought a scroll of brand weapon for 220 gold pieces
 21313 | Orc:2    | Bought the +4 pearl dragon scales of Okawaru's Scorn {rF+
                  | rN+ Int+5} for 1546 gold pieces
 21331 | Orc:2    | Bought a scroll of fear for 63 gold pieces
 21411 | Orc:2    | Identified the +7 quarterstaff of Scorn {pain, MR- Int+4}
 21428 | Orc:2    | Identified the ring "Myagoase" {*Contam +Fly Int+2 Slay+2}
 21718 | Snake:1  | Entered Level 1 of the Snake Pit
 22019 | Snake:1  | Reached XP level 17. HP: 111/115 MP: 17/17
 22151 | Snake:1  | Reached skill level 15 in Armour
 23058 | Snake:2  | Noticed Aizul
 23070 | Snake:2  | Killed Aizul
 23414 | Snake:2  | Noticed flyingllamaman's ghost (adept FoFi)
 23575 | Snake:2  | Identified the +12 quarterstaff "Erassos" {holy, Str+6
                  | Int-3 Dex+4}
 23581 | Snake:2  | Found a bloodstained altar of Trog.
 23588 | Snake:2  | Found a transporter.
 23600 | Snake:2  | Found a transporter.
 23600 | Snake:2  | Identified the cursed +1 glaive of the Living Dead {freeze,
                  | rN++ SInv}
 23637 | Snake:2  | Reached skill level 18 in Maces & Flails
 23827 | Snake:2  | Killed flyingllamaman's ghost
 23829 | Snake:2  | HP: 1/116 [naga warrior/the +12 quarterstaff "Erassos"
                  | {holy, Str+6 Int-3 Dex+4} (9)]
 23829 | Snake:2  | Slain by a naga warrior

Levels and vault maps discovered:
D:1:      elethiomel_arrival_quiet, layout_basic, st_stairs_5
D:2:      layout_basic, lemuel_doored_altar
D:3:      layout_basic, nicolae_tso_carved_into_rock,
          chequers_ecumenical_altar_grove, uniq_jessica, uniq_natasha
D:4:      wad_pebble_path, layout_basic, kennysheep_mini, temple_hall
D:5:      layout_basic, zin_scriptorium, nicolae_ru_sacrificial_ziggurat,
          first_ration, serial_shops, shop, minmay_manual_monolith,
          uniq_blork_the_orc
D:6:      layout_rooms, serial_shops, nicolae_shop_waterfront
D:7:      layout_rooms, grunt_dithmenos_smoke_and_mirrors, basic_altar,
          trog_three_pillars_becter, uniq_menkaure
D:8:      layout_basic, lightli_temple_of_fire, nicolae_qazlal_eye_of_the_storm,
          kennysheep_mini_moat, xom_butterflies, overflow_temple_1_default,
          dpeg_lair_monsters
D:9:      lemuel_bear_cage, layout_irregular_city,
          grunt_temple_overflow_opulence, serial_column_ruins,
          column_ruins_open_tiny, column_ruins_columns_straight,
          column_ruins_grid_1, column_ruins_grid_1,
          column_ruins_columns_straight, uniq_erolcha
D:10:     layout_long_grid, orc_0_dummy
D:11:     layout_rooms
D:12:     layout_cave_pools, tgw_sif
D:13:     layout_loops_ring, lightli_vaults_fourway_checkpoint,
          cheibriados_altar_1
D:14:     minmay_diamond_stairs, layout_loops_corners, serial_park_gazebo
          [serial_park_minivault_5x5_4], grunt_ogre_cave
D:15:     gammafunk_depths_entry_grave, layout_cross, minmay_crystal_room,
          minivault_16, minmay_orc_keep
Lair:1:   layout_chaotic_city, uniq_sonja
Lair:2:   wad_woods_minihive, layout_regular_city,
          minmay_snake_entry_guardpost_small, grunt_megastairs_5
Lair:3:   layout_small_grid
Lair:4:   layout_loops_ring, skrybe_swamp_entry_bodies
Lair:5:   layout_regular_city, grunt_megastairs_3, uniq_nessos
Lair:6:   cheibrodos_lair_end_hotspot, layout_regular_city,
          minmay_slime_entry_oklob_enclosed, gauntlet_entry_generic
Snake:1:  layout_chambers
Snake:2:  layout_rooms, gammafunk_ghost_wrathful_warriors, uniq_aizul
Orc:1:    layout_diamond_mine, portal_ice_cave_entry_pillars_1,
          hangedman_feature_mirror, uniq_jorgrun
Orc:2:    st_orc_rangers, layout_caves, basic_altar, minmay_orc_treasury

Skill      XL: |  1  2  3  4  5  6  7  8  9 10 11 12 13 14 15 16 17 |
---------------+----------------------------------------------------+-----
Dodging        | 1 2 3 5 7 9 10 | 10.9
Maces & Flails | 3 4 5 7 10 12 14 15 16 17 18 | 18.0
Fighting       | 4 5 6 8 10 11 14 15 16 | 16.7
Armour         | 4 5 6 8 10 12 13 14 15 | 15.5
Shields        | |  3.2

Action                   |  1- 3 |  4- 6 |  7- 9 | 10-12 | 13-15 | 16-18 || total
-------------------------+-------+-------+-------+-------+-------+-------++-------
Melee: Flail             |   129 |    92 |       |       |       |       ||   221
       Whip              |     7 |    68 |       |       |       |       ||    75
       Morningstar       |       |    15 |    66 |       |       |       ||    81
       Kick              |       |       |    55 |   154 |   287 |   200 ||   696
       Dire flail        |       |       |   199 |   513 |   602 |   733 ||  2047
       Great mace        |       |       |       |       |   355 |       ||   355
       Unarmed           |       |       |       |       |     2 |       ||     2
Invok: Divine Shield     |       |       |     2 |       |       |       ||     2
       Summon Divine War |       |       |       |       |     1 |     1 ||     2
       Brand Weapon With |       |       |       |       |     1 |       ||     1
 Abil: Fly               |       |       |       |       |     1 |       ||     1
Evoke: Wand              |       |       |     9 |    27 |     6 |     4 ||    46
       Lightning rod     |       |       |       |       |       |     3 ||     3
  Use: Potion            |       |       |     7 |     1 |     3 |    10 ||    21
       Scroll            |       |       |    10 |    11 |    14 |    11 ||    46
  Eat: Chunk             |     2 |     2 |     7 |     8 |    12 |     9 ||    40
       Ration            |       |     1 |     1 |     4 |     4 |     3 ||    13
Armor: Scale mail        |    99 |    10 |       |       |       |       ||   109
       Plate armour      |       |   134 |   279 |   244 |   730 |   310 ||  1697
       Pearl dragon scal |       |       |       |       |       |   192 ||   192
Dodge: Dodged            |    96 |    71 |   132 |   147 |   714 |   644 ||  1804
Block: Other             |       |       |     2 |     1 |       |       ||     3
